Cogmind - Beta 9.2 @@@ ROGUE MODE // 2019.11.20 @ 15:57:07 Player: Cassie Rose Result: Destroyed by Y-45 Defender with Beam Rifle Performance ------------- Evolutions (1) 500 Regions Visited (3) 600 Robots Destroyed (63) 315 Value Destroyed (1300) 1300 Prototype IDs (4) 80 Alien Tech Used (0) 0 Bonus (0) 0 TOTAL SCORE: 2795 Bonus ------- None Cogmind --------- Core Integrity 0/400 Matter 290/300 Energy 56/265 System Corruption 7% Temperature Cool (15) Movement Hovering (96) Ox1 Location -9/Storage Parts ------- > --- POWER (1) -------- Improved Ion Engine > --- PROPULSION (2) --- Cooled Aerolev Unit Cooled Aerolev Unit > --- UTILITY (4) ------ High-capacity Storage Unit Improved Terrain Scanner Targeting Computer Targeting Computer > --- WEAPON (2) ------- Light EM Pulse Cannon Mini Grenade Launcher > --- INVENTORY (12) --- Improved Sensor Array Improved Terrain Scanner Light Armor Plating Hacking Suite Hacking Suite Improved Medium Laser Light EM Pulse Cannon Datajack Datajack Peak State ------------ > --- POWER ------------ Light Ion Engine > --- PROPULSION ------- Cooled Aerolev Unit Cooled Aerolev Unit > --- UTILITY ---------- High-capacity Storage Unit Improved Terrain Scanner Targeting Computer Targeting Computer > --- WEAPON ----------- Improved EM Shotgun Light EM Pulse Cannon > --- INVENTORY -------- Cooled Aerolev Unit Cooled Aerolev Unit Improved Sensor Array Improved Terrain Scanner Improved Medium Laser Light EM Pulse Cannon Light EM Pulse Cannon Light Assault Rifle Shotgun Mini Grenade Launcher Datajack Datajack [Rating: 26] Favorites ----------- Power Light Ion Engine Engine Light Ion Engine Propulsion Compact Wheel Wheel Compact Wheel Hover Unit Cooled Aerolev Unit Flight Unit Improved Flight Unit Utility Targeting Computer Device Sensor Array Storage High-capacity Storage Unit Processor Targeting Computer Weapon Light EM Pulse Cannon Energy Gun Medium Laser Energy Cannon Light EM Pulse Cannon Ballistic Gun Light Assault Rifle Launcher Mini Grenade Launcher Build | -11 -10 -9 -9 ------- Run | Scr Mat Mat Sto Slots Evolved 2 | . . 2 . Power . | . . . . Propulsion . | . . . . Utility 2 | . . 2 . Weapon . | . . . . Parts Attached 51 | 7 5 22 17 Power 10 | 1 1 4 4 Engine 10 | 1 1 4 4 Core . | . . . . Reactor . | . . . . Propulsion 14 | 3 . 6 5 Treads . | . . . . Leg . | . . . . Wheel 7 | 3 . 4 . Hover 5 | . . . 5 Flight 2 | . . 2 . Utility 11 | 1 3 6 1 Device 6 | . . 6 . Storage 3 | 1 2 . . Processor 2 | . 1 . 1 Hackware . | . . . . Protection . | . . . . Artifact . | . . . . Weapon 16 | 2 1 6 7 Energy Gun 6 | 1 . 3 2 Energy Cannon 3 | . . 1 2 Ballistic Gun 4 | 1 1 1 1 Ballistic Cannon . | . . . . Launcher 3 | . . 1 2 Special Weapon . | . . . . Impact Weapon . | . . . . Slashing Weapon . | . . . . Piercing Weapon . | . . . . Special Melee Weapon . | . . . . Unidentified Prototypes 4 | . . 3 1 Parts Lost 11 | . . 5 6 Power 4 | . . 2 2 Propulsion 2 | . . 1 1 Utility 1 | . . 1 . Weapon 4 | . . 1 3 Highest Loss Streak 2 | . . 2 2 Average Slot Usage (%) 91 | . 96 89 96 Engine 11 | . 14 10 9 Wheel 14 | . 28 14 . Hover 2 | . . . 13 Flight 6 | . . 7 7 Device 12 | . . 15 13 Storage 11 | . 14 11 11 Processor 12 | . 10 11 18 Energy Gun 5 | . 14 5 1 Energy Cannon 4 | . . 4 9 Ballistic Gun 8 | . 14 8 3 Launcher 1 | . . . 7 Naked Turns . | . . . . Heaviest Build 45 | 10 38 44 45 Greatest Support 32 | 32 32 32 30 Greatest Overweight (x) 7 | 1 1 7 7 Average Overweight (x) 1 | . . 1 1 Largest Inventory Capacity 12 | 6 12 12 12 Average Capacity 11 | 5 10 12 12 Most Carried 12 | 5 10 12 12 Average Carried 9 | 3 7 9 11 Final Capacity 12 | 6 12 12 12 Final Carried 12 | 5 8 12 9 Class Distribution -------------------- 92% | Mutant 7% | Scavenger-Mutant Dominant Class ---------------- Mutant | -10/Materials Mutant | -9/Materials Mutant | -9/Storage Resources | -11 -10 -9 -9 ----------- Run | Scr Mat Mat Sto Matter Collected 972 | 290 73 330 279 Remotely . | . . . . Salvage Created 2216 | 235 143 1073 765 Parts 147 | 17 9 61 60 Haulers Intercepted 6 | . . 3 3 Recyclers Shooed 3 | . . 3 . Parts Field Recycled . | . . . . Retrieved Matter . | . . . . Parts Self-Destructed . | . . . . Prevented . | . . . . Kills | -11 -10 -9 -9 ------- Run | Scr Mat Mat Sto Combat Hostiles Destroyed 38 | . 5 19 14 Guns 21 | . 5 14 2 Cannons 10 | . . 2 8 AOE 6 | . . 2 4 Classes Destroyed 11 | 3 2 3 3 Worker 4 | 2 . . 2 Builder 1 | . . . 1 Tunneler 6 | 6 . . . Hauler 6 | . . 3 3 Recycler 4 | 1 . 2 1 Operator 2 | . . . 2 Watcher 2 | . . 2 . Swarmer 13 | . 3 7 3 Grunt 19 | . 2 10 7 Brawler 1 | . . . 1 Sentry 5 | . . 2 3 Best Kill Streak 6 | 6 5 4 3 Combat Bots Only 5 | . 5 4 3 Max Kills in Single Turn 2 | 1 1 2 2 Gunslinging . | . . . . Exploded 2 | . . 2 1 Melee . | . . . . Uniques/NPCs Destroyed . | . . . . Combat | -11 -10 -9 -9 -------- Run | Scr Mat Mat Sto Damage Taken 1839 | . 201 837 801 Core 490 | . 77 199 214 Absorbed by Shields . | . . . . Core Remaining (%) 84 | 100 69 . . Volleys Fired 175 | 20 23 68 64 Largest 2 | 2 2 2 2 Hottest 101 | 70 70 78 101 Shots Fired 227 | 40 45 77 65 Gun 167 | 40 45 59 23 Cannon 47 | . . 16 31 Launcher 13 | . . 2 11 Special . | . . . . Kinetic 88 | 20 23 28 17 Thermal 52 | 20 22 6 4 Explosive 11 | . . . 11 Electromagnetic 76 | . . 43 33 Robot Hit Streak 13 | 5 10 13 13 Robot Miss Streak 4 | 3 4 2 2 Penetration Max . | . . . . Secondary Targets 2 | . 2 . . Max Gunslinging Chain 1 | . 1 . . Shots Hit Robots 159 | 22 25 68 44 Core Hits 86 | 12 10 36 28 Critical Hits 2 | . . 2 . Critical Kills 2 | . . 2 . Critical Parts Destroyed . | . . . . Melee Attacks . | . . . . Impact . | . . . . Slashing . | . . . . Piercing . | . . . . Sneak Attacks . | . . . . Combat Hostiles . | . . . . Follow-up Attacks . | . . . . Damage Inflicted 2954 | 251 254 1255 1194 Guns 1345 | 251 254 745 95 Cannons 859 | . . 364 495 Explosions 750 | . . 146 604 Melee . | . . . . Ramming . | . . . . Kinetic 585 | 61 105 342 77 Thermal 513 | 190 149 145 29 Explosive 575 | . . . 575 Electromagnetic 1281 | . . 768 513 Impact . | . . . . Slashing . | . . . . Piercing . | . . . . Highest Corruption 7 | . . 4 7 Average Corruption 4 | . . 4 5 Corruption Purged . | . . . . Effects 34 | . . 14 20 Message Errors 6 | . . 4 2 Matter Fused 5 | . . 5 . Heat Flow Errors 5 | . . 2 3 Energy Discharges 5 | . . 2 3 Parts Rejected 1 | . . . 1 Data Loss (minor) 7 | . . 1 6 Targeting Errors 4 | . . . 4 Weapon Failures 1 | . . . 1 Overload Shots . | . . . . Overflow Damage 31 | . . 22 9 Projectiles . | . . . . Explosions 31 | . . 22 9 Melee . | . . . . Knockbacks . | . . . . Impact . | . . . . Kinetic . | . . . . Secondary . | . . . . Self-Inflicted Damage 368 | . . 105 263 Shots 11 | . . 4 7 Rammed . | . . . . Targets Rammed . | . . . . Kicked . | . . . . Crushed . | . . . . Highest Temperature 283 | 90 283 202 274 Average Temperature 63 | 32 111 32 74 Received Heat Transfer 486 | . 93 255 138 Siege Activations . | . . . . Robots Corrupted 1 | . . 1 . Combat Hostiles 1 | . . 1 . Parts Fried 3 | . . 3 . Impact Corruptions . | . . . . Robots Melted . | . . . . Combat Hostiles . | . . . . Parts Melted 2 | 1 1 . . Heat Transferred 1260 | 555 444 211 50 Parts Sabotaged . | . . . . Parts Stolen . | . . . . Parts Stripped . | . . . . Power Chain Reactions 3 | . . 2 1 Missiles Intercepted . | . . . . Alert | -11 -10 -9 -9 ------- Run | Scr Mat Mat Sto Peak Influence 362 | 45 228 225 362 Average Influence 83 | 22 91 76 128 Maximum Alert Level 1 | . 1 1 1 Low Security (%) 92 | 100 79 97 81 Level 1 7 | . 20 2 18 Level 2 . | . . . . Level 3 . | . . . . Level 4 . | . . . . Level 5 . | . . . . High Security . | . . . . Max Security . | . . . . Squads Dispatched 4 | . . 1 3 Investigation 1 | . . . 1 Extermination . | . . . . Reinforcement 3 | . . 1 2 Assault . | . . . . Garrison . | . . . . Intercept . | . . . . Construction Impeded . | . . . . Haulers Reinforced . | . . . . Stealth | -11 -10 -9 -9 --------- Run | Scr Mat Mat Sto Distress Signals 3 | . . 1 2 Communications Jammed . | . . . . Distress Signals . | . . . . Times Spotted 65 | . 10 33 22 Peak Tracking Total 7 | . 4 7 5 Tactical Retreats 6 | . 1 3 2 Traps | -11 -10 -9 -9 ------- Run | Scr Mat Mat Sto Traps Triggered 2 | . . . 2 Indirectly . | . . . . Trap Hack Attempts . | . . . . Triggered . | . . . . Disarmed . | . . . . Reprogrammed . | . . . . Reused . | . . . . Traps Extracted . | . . . . Installed . | . . . . Triggered . | . . . . Machines | -11 -10 -9 -9 ---------- Run | Scr Mat Mat Sto Machines Disabled 6 | . . 1 5 Max in Single Turn 2 | . . 1 2 Machines Sabotaged . | . . . . Garrisons Compromised . | . . . . Overloaded Fab Kills . | . . . . Fab Network Shutdowns . | . . . . Hacking | -11 -10 -9 -9 --------- Run | Scr Mat Mat Sto Machines Accessed 13 | . 4 8 1 Terminals 12 | . 4 8 . Fabricators . | . . . . Repair Stations . | . . . . Recycling Units 1 | . . . 1 Scanalyzers . | . . . . Garrison Access . | . . . . Total Hacks 37 | . 12 21 4 Successful 18 | . 5 9 4 Failed 19 | . 7 12 . Catastrophic 4 | . 2 2 . Database Lockouts . | . . . . Manual 28 | . 11 17 . Terminals 33 | . 12 21 . Fabricators . | . . . . Repair Stations . | . . . . Recycling Units 4 | . . . 4 Scanalyzers . | . . . . Garrison Access . | . . . . Terminal Hacks 4 | . 2 2 . Branch Access Points 2 | . 1 1 . Terminal Index 1 | . 1 . . Unreport Threat 1 | . . 1 . Fabricator Hacks . | . . . . Repair Station Hacks . | . . . . Recycling Unit Hacks 4 | . . . 4 Process 1 | . . . 1 Report Inventory 1 | . . . 1 Retrieve Matter 2 | . . . 2 Scanalyzer . | . . . . Garrison Access Hacks . | . . . . Unauthorized Hacks 29 | . 9 20 . Terminals 10 | . 3 7 . Botnet 10 | . 3 7 . Fabricators . | . . . . Repair Stations . | . . . . Recycling Units . | . . . . Scanalyzers . | . . . . Garrison Access . | . . . . Data Cores Recovered . | . . . . Used . | . . . . Hacking Detections 12 | . 4 7 1 Full Trace Events 4 | . . 3 1 Feedback Events 1 | . . . 1 Corruption 1 | . . . 1 Feedback Blocked . | . . . . Robot Schematics Acquired . | . . . . Robots Built . | . . . . Matter . | . . . . Time . | . . . . Total Robot Build Rating . | . . . . Part Schematics Acquired . | . . . . Parts Built . | . . . . Matter . | . . . . Time . | . . . . Total Part Build Rating . | . . . . Parts Repaired . | . . . . Time . | . . . . Parts Recycled . | . . . . Recycled Matter 3 | . . . 3 Retrieved Matter 3 | . . . 3 Retrieved Components . | . . . . Parts Scanalyzed . | . . . . Part Schematics Acquired . | . . . . Parts Damaged . | . . . . Bothacking | -11 -10 -9 -9 ------------ Run | Scr Mat Mat Sto Used RIF Installer . | . . . . Robots Hacked . | . . . . Non-combat . | . . . . Combat . | . . . . Robot Hacks Applied . | . . . . Relay Couplers Released . | . . . . Robots Rewired . | . . . . Allies Hacked . | . . . . Hacks Repelled . | . . . . Allies | -11 -10 -9 -9 -------- Run | Scr Mat Mat Sto Total Allies . | . . . . Largest Group . | . . . . Highest-Rated Group . | . . . . Highest-Rated Ally . | . . . . Total Orders . | . . . . Ally Attacks . | . . . . Total Damage . | . . . . Kills . | . . . . Allies Corrupted . | . . . . Allies Melted . | . . . . Intel | -11 -10 -9 -9 ------- Run | Scr Mat Mat Sto Robot Analysis Total . | . . . . Derelict Logs Recovered . | . . . . Drone Launches . | . . . . Drone Recoveries . | . . . . Exploration | -11 -10 -9 -9 ------------- Run | Scr Mat Mat Sto Turns Passed 3492 | 227 465 2228 572 Spaces Moved 1526 | 110 332 867 217 Core 18 | 18 . . . Treads . | . . . . Legs . | . . . . Wheels 1159 | 92 332 735 . Hover 184 | . . . 184 Flight 165 | . . 132 33 Fastest Speed 50 | 50 100 110 96 Average Speed 150 | 92 104 173 156 Slowest Speed 530 | 100 110 530 525 Overloaded Moves . | . . . . Propulsion Burnouts . | . . . . Robots Hopped . | . . . . Cave-ins Triggered . | . . . . Exploration Rate (%) 40 | 5 55 53 50 Regions Visited 3 Branch Regions 1 Pre-discovered Areas . | . . . . Known Exits Taken 1 | . . 1 . Unknown Exits Taken 2 | 1 1 . . Scrap Searched . | . . . . Spaces Dug . | . . . . Terrain Destroyed 75 | . . 5 70 Melee . | . . . . Projectile . | . . . . AOE 75 | . . 5 70 Actions | -11 -10 -9 -9 --------- Run | Scr Mat Mat Sto Total 2515 | 199 409 1521 386 Wait 689 | 48 37 534 70 Move 1523 | 109 331 866 217 Hop . | . . . . Pick Up 51 | 13 8 19 11 Fast Attach 3 | . 1 2 . Attach 23 | 6 1 8 8 Detach . | . . . . Swap 25 | 1 3 12 9 Drop 26 | 2 5 12 7 Fire 175 | 20 23 68 64 Melee . | . . . . Ram . | . . . . Kick . | . . . . Crush . | . . . . Escape Stasis . | . . . . Rewire . | . . . . Trap . | . . . . Miscellaneous . | . . . . Route ------- -11/Scrapyard -10/Materials (discovered 2 exits: *Mat / Min) -9/Materials (discovered 5 exits: [*Mat] / *Min x2 / *Sto x2) -9/Storage History --------- Turn | Location | Event 4 | -11/Scrapyard | Discovered new exit (range 16) 228 | -11/Scrapyard | Entered Materials 305 | -10/Materials | Build established: Mutant 485 | -10/Materials | Identified exit to Mines 660 | -10/Materials | Discovered new exit (range 15) 693 | -10/Materials | Entered another Materials area 693 | -9/Materials | Evolved 2 slots: Utility x2 1296 | -9/Materials | Discovered new exit (range 7) 1410 | -9/Materials | Identified exit to Mines 1410 | -9/Materials | Identified exit to Storage 2307 | -9/Materials | Discovered new exit (range 14) 2921 | -9/Materials | Entered Storage 3104 | -9/Storage | Core integrity fell below 50% 3380 | -9/Storage | Core integrity fell below 20% 3493 | -9/Storage | Destroyed by Y-45 Defender with Beam Rifle Last Messages --------------- 03420_ Acquired 10 matter. 03421_ ALERT: Hostiles spotted, dispatching reinforcements to Terminal S013. 03421_ Dropped Cld. Aerolev Unit. 03421_ Dropped Shotgun. 03424_ K-01 Serf collects debris. 03434_ G-34 Mercenary destroyed. 03434_ K-01 Serf collects debris. 03457_ O-16 Technician destroyed. 03459_ K-01 Serf collects debris. 03465_ Acquired Hacking Suite. 03467_ K-01 Serf collects debris. 03482_ Transfer Shaft disabled. 03485_ K-01 Serf collects debris. 03489_ Chain reaction triggered in Imp. Ion Engine. 03489_ Y-45 Defender destroyed. 03489_ Compression Vault explodes. 03489_ K-01 Serf destroyed. 03490_ Imp. Ion Engine destroyed. 03493_ The unstable cave ceiling collapses. Map ----- +----------------------------------------------------+ | | | | | | | | | | | | | | | | | ???????????????????????????????????????????? | | ????????????????????????????????#??????????? | | ????????????????????????????????#??????????? | | ???????????????????????????????????????####? | | ???????????????????????????????????????#T"#? | | ???????????????????#####?????########### "## | | ???????????????????# ??? ## | | ???????????????????# ""? ## | | ??????????????????## """ ## | | ??????????????????? """ ## ########### | | ?????????????????### ! ## # ? ???# | | ????????????#?#### # """ ## #??????# | | ??????????### # Y """ ## #??????# | | ??????????# # "" ## #??????# ! | | ??????????# ??# +??????# | | ??????????# ##+##### #????? # | | ??????????# = #??????#[* | | ??????????# [% @ %= #??????#![! | | ???????#??# #??????#=%[ | | ??????????# #?? ? ?#+## | | ??????????# #??????#%## | | ??????????# + ?????# ## | | ??????????#####+ ###+##### ##### ?? ?# ## | | ??????????????? ###????????# #???#?#????# | | ??????????????# ???????????# #??????????# | | ??????????????#???#???????? ?????###### | | ??????????????????????????? | | ?????????????????#????????# !#??#?##"T"#### | | ???????????????????????? ?## ###???####????? | | ????????????????????????#+## #??#??#?????#?? | | ??????????????????????#?# ??? ?########## | | ????????????????????????# ?? ??# | | ??????????????????????### ???"?# | | ?????????????????????? ?????# | | ???????????????????????# #????######+##/ | | ???????????????????????# ???????# | | ???????????????????????# #??????# | | ???????????????#???????# #???#??# | | ???????????????????????# ######## | | ????#??????????????????# + | | ????????? ?????????????????# !#= | | ???#??#?????#??????????????# =* *! | +----------------------------------------------------+ Best States ------------- Heat Dissipation 28 Energy Generation 12 Energy Capacity 265 Matter Stores 300 Matter Capacity 300 Sight Range 16 Robot Scan Range 13 Terrain Scan Range 16 Terrain Scan Density 10 Evasion (%) 50 Targeting Accuracy 10 Item Schematics ----------------- None Robot Schematics ------------------ None Fabricated ------------ Nothing Alien Tech Used ----------------- None Achievements -------------- None Challenges ------------ None Game ------ Seed AlertPulseMatter Manual? 0 Play Time 00:37:58 Cumulative 30.9 hours Start 2019.11.20 @ 15:19:54 End 2019.11.20 @ 15:57:07 Sessions 1 Manual Loads 0 Difficulty Rogue Special Mode None Game No. 41 Rogue 41 Adventurer 0 Explorer 0 Win Type - Total 0 Types 0/0/0/0/0/0/0 Lore% 21 Gallery% 18 Achievement% 19 Wizard Run 0 Options --------- ASCII 0 Keyboard 0 Movement Mouse Keybinds 0 Fullscreen 1 Font 18/X11 Map View 76x50 Tactical HUD 1 Map Filters NONE Filters LOW_CONTRAST(13,24,33) Steam 1 RUN: d21cbd39-4243-47e9-b7ad-a2d56b00d0dc